 Dungeon Crawl Stone Soup version 0.31-a0-744-gbc345e7fcb (webtiles) character file.

Game seed: 15953085575797652334

325 Dittersdorf the Shield-Bearer (level 6, -8/39 HPs)
             Began as a Gargoyle Fighter on Sept 13, 2023.
             Killed by divine providence
             ... invoked by an orc priest
              (13 damage)
             ... on level 4 of the Dungeon.
             The game lasted 00:04:01 (3078 turns).

Dittersdorf the Shield-Bearer (Gargoyle Fighter)    Turns: 3078, Time: 00:04:01

Health: -8/39      AC: 15    Str: 22    XL:     6   Next: 48%
Magic:  6/6        EV:  8    Int:  8    God:
Gold:   173        SH:  5    Dex:  9    Spells: 5/5 levels left

rFire   . . .        a - +1 flail (elec)
rCold   . . .        c - +1 buckler
rNeg    + . .        f - +0 chain mail
rPois   ∞            u - +0 helmet
rElec   +            (no cloak)
rCorr   .            (no gloves)
SInv    .            (no boots)
Will    .....        (no amulet) Stlth
                     (no ring)
HPRegen 0.26/turn    (no ring)
MPRegen 0.10/turn

%: no passive effects
@: no status effects
A: sickness immunity, AC +4, negative energy resistance 1, electricity
resistance, torment resistance 1, petrification resistance
a: no special abilities


You were on level 4 of the Dungeon.
You visited 1 branch of the dungeon, and saw 4 of its levels.

You collected 173 gold pieces.

Inventory:

Hand Weapons
 a - a +1 flail of electrocution (weapon)
Armour
 c - a +1 buckler (worn)
 f - a +0 chain mail (worn)
 u - a +0 helmet (worn)
Scrolls
 b - a scroll of enchant armour
 i - a scroll of teleportation
 o - a scroll of brand weapon
Potions
 d - 3 potions of might
 e - 2 potions of resistance
 g - a potion of brilliance
 k - 2 potions of haste
 p - a potion of enlightenment
 q - a potion of cancellation {unknown}
 s - a potion of curing {unknown}


   Skills:
 + Level 4.7 Fighting
 + Level 3.7 Maces & Flails
 + Level 4.7 Armour
 + Level 4.8 Shields


You had 5 spell levels left.
You didn't know any spells.
Your spell library contained the following spells:

 Spells                   Type           Power      Damage    Failure   Level
 Necrotise                Necr           0%         1d4       97%         1
 Ensorcelled Hibernation  Hex/Ice        0%         N/A       99%         2
 Passwall                 Tmut/Erth      0%         N/A       99%         2
 Frozen Ramparts          Ice            0%         1d1       100%        3
 Ozocubu's Armour         Ice            0%         N/A       100%        3
 Swiftness                Air            0%         N/A       100%        3
 Vampiric Draining        Necr           0%         2d6       100%        3
 Petrify                  Tmut/Erth      0%         N/A       100%        4
 Agony                    Necr           0%         N/A       100%        5
 Metabolic Englaciation   Hex/Ice        0%         N/A       100%        5
 Ozocubu's Refrigeration  Ice            0%         4d7       100%        7


Dungeon Overview and Level Annotations

Branches:
Dungeon (4/15)
 Temple: D:4-7

Altars:

Shops:
D:4 (

Annotations:
D:4 1 runed translucent door


Innate Abilities, Weirdness & Mutations

You are immune to sickness and miasma.
Your stone body is resilient. (AC +4)
You are immune to poison.
You resist negative energy. (rN+)
You are resistant to electric shocks. (rElec)
You are resistant to unholy torment.
You are immune to petrification.


Message History

No target in view!
No target in view!
No target in view!
No target in view!
No target in view!
You see here an adder corpse.
You open the door.
There is an open door here.
Found a trident.
You open the door.
An orc comes into view. It is wielding a +0 flail.
Found a stone staircase leading down.
An orc and an orc priest come into view.
The orc shouts!
The orc priest shouts!
There is an open door here.
You closely miss the orc. You closely miss the orc.
The orc hits you but does no damage.
You barely miss the orc priest. The orc priest hits you with a +0 whip.
You block the orc's attack.
You closely miss the orc priest. The orc priest hits you with a +0 whip.
The orc closely misses you.
The orc priest calls down the wrath of Beogh upon you.
Beogh smites you!
You barely miss the orc priest. The orc priest barely misses you.
The orc hits you with a +0 short sword.
You barely miss the orc priest.
The orc priest calls down the wrath of Beogh upon you.
You barely resist. The orc barely misses you.
You closely miss the orc priest. The orc priest completely misses you.
You block the orc's attack. x2
You hit the orc priest.
The orc priest is lightly wounded.
The orc priest calls down the wrath of Beogh upon you.
Beogh smites you!
* * * LOW HITPOINT WARNING * * *
The orc hits you but does no damage. You block the orc's attack.
The orc hits you but does no damage.
The orc priest invokes the aid of Beogh against you.
Beogh smites you!
You die...

###########
#...>.....#
#.........#
#.........##
#..ooo...... #@##
#..## #...#
#.#.#######..
#.#.#.............
###+#...............
#....#..............
#....#..)...........
#....######++.......


You could see an orc priest and 2 orcs.

Vanquished Creatures
  Sigmund (D:2)
  An orc wizard (D:3)
  A sleepcap (D:4)
  4 adders
  2 worms (D:2)
  2 dart slugs
  7 orcs
  8 ball pythons
  5 endoplasms
  3 giant cockroaches
  6 goblins
  2 hobgoblins (D:1)
  3 jackals (D:1)
  2 quokkas
  5 bats
  5 frilled lizards
  4 kobolds
  4 rats
65 creatures vanquished.

Notes
Turn   | Place    | Note
-------+----------+-------------------------------------------
     0 | D:1      | Dittersdorf the Gargoyle Fighter began the quest for the
                  | Orb.
     0 | D:1      | Reached XP level 1. HP: 14/14 MP: 1/1
   205 | D:1      | Reached XP level 2. HP: 18/19 MP: 2/2
   578 | D:1      | Found a faded altar of an unknown god.
   953 | D:1      | Reached XP level 3. HP: 15/23 MP: 3/3
  1501 | D:2      | Noticed Sigmund
  1634 | D:2      | Killed Sigmund
  1635 | D:2      | Reached XP level 4. HP: 11/30 MP: 4/4
  1635 | D:2      | Reached XP level 5. HP: 13/34 MP: 5/5
  1766 | D:2      | Identified the +1 dagger of Jesyfic {freeze, rF+ rC+++
                  | Will- rCorr}
  2136 | D:3      | Reached XP level 6. HP: 39/39 MP: 6/6
  2768 | D:4      | Found a runed translucent door.
  3012 | D:4      | Found Ofuan's Antique Weapon Shop.
  3078 | D:4      | Killed from afar by an orc priest

Illustrated notes

Levels and vault maps discovered:
D:1:      lemuel_arrival_muddy, layout_basic,
          shapermc_ecumenical_altar_mp_highgroup, minmay_hedge_maze
D:2:      layout_basic, serial_forest, infiniplex_forest_straight_3,
          infiniplex_forest_clump_small, infiniplex_forest_lined_2,
          infiniplex_forest_straight_1, uniq_sigmund
D:3:      layout_basic
D:4:      layout_basic, mainiacjoe_overflow_tiny_flanked, serial_shops, shop,
          gammafunk_ghost_grave

Skill      XL: |  1  2  3 |
---------------+----------+-----
Fighting       | 4 |  4.7
Maces & Flails | 3 |  3.7
Armour         | 4 |  4.7
Shields        | 4 |  4.8

Action                     |  1- 3 |  4- 6 || total
---------------------------+-------+-------++-------
  Melee: Flail             |   248 |    83 ||   331
    Use: Scroll            |       |    13 ||    13
 Armour: Chain mail        |   122 |    50 ||   172
  Dodge: Dodged            |    53 |    32 ||    85
  Block: Buckler           |    17 |    19 ||    36

Table legend: (Time is in decaauts)
 A = Elapsed time spent in this place.
 B = Non-inter-level travel time spent in this place.
 C = Inter-level travel time spent in this place.
 D = Time resting spent in this place.
 E = Time spent auto-exploring this place.
 F = Levels seen in this place.
 G = Mean time per level.
                   A        B        C        D        E       F      G
               +--------+--------+--------+--------+--------+-----+--------+
         Total |   3184 |   3070 |    114 |     34 |   2242 |   4 |  796.0 |
       Dungeon |   3184 |   3070 |    114 |     34 |   2242 |   4 |  796.0 |
               +--------+--------+--------+--------+--------+-----+--------+

Top non-repeatable levels by time:
     D:1: 1334 daAuts
     D:2: 786 daAuts
     D:3: 643 daAuts
     D:4: 419 daAuts
